 Dungeon Crawl Stone Soup version 0.31-a0-1237-gabc64e778c (webtiles) character file.

Game seed: 7893335352602757174

506 gelatine the Covered (level 6, -6/48 HPs)
             Began as a Demonspawn Fighter on Dec 15, 2023.
             Mangled by Robin
             ... wielding a +2 falchion of electrocution
              (17 damage)
             ... on level 4 of the Dungeon.
             The game lasted 00:06:08 (2682 turns).

gelatine the Covered (Demonspawn Fighter)           Turns: 2682, Time: 00:06:09

Health: -6/48      AC: 12    Str: 21    XL:     6   Next: 97%
Magic:  6/6        EV:  8    Int:  9    God:
Gold:   212        SH:  5    Dex: 12    Spells: 5/5 levels left

rFire   . . .        l - +0 hand axe
rCold   . . .        c - +0 buckler
rNeg    . . .        m - +1 chain mail of the Gloaming {Str+3}
rPois   .            e - +0 helmet
rElec   .            n - +0 cloak
rCorr   .            (no gloves)
SInv    .            (no boots)
Will    .....        (no amulet) Stlth
                     (no ring)
HPRegen 0.28/turn    (no ring)
MPRegen 0.10/turn

%: no passive effects
@: no status effects
A: ignite blood 1, demonic touch 1
a: no special abilities


You were on level 4 of the Dungeon.
You visited 1 branch of the dungeon, and saw 4 of its levels.

You collected 212 gold pieces.

Inventory:

Hand Weapons
 a - a +0 war axe
 g - a +0 war axe
 l - a +0 hand axe (weapon)
Armour
 b - a +0 scale mail
 c - a +0 buckler (worn)
 e - a +0 helmet (worn)
 m - the +1 chain mail of the Gloaming (worn) {Str+3}
   (You found it on level 2 of the Dungeon)

   Str+3:     It affects your strength (+3).
 n - a +0 cloak (worn)
Wands
 d - a wand of flame (19)
Scrolls
 h - a scroll of revelation {unknown}
 i - 2 scrolls of amnesia
 j - a scroll of teleportation
 r - a scroll of torment {unknown}
Potions
 f - a potion of cancellation
 k - a potion of brilliance
 o - a potion of curing
 p - a potion of attraction
 q - a potion of magic


   Skills:
 * Level 4.0 Fighting
 + Level 3.8 Axes
 * Level 4.2 Armour
 * Level 2.3 Dodging
 + Level 0.3 Stealth
 * Level 3.8 Shields


You had 5 spell levels left.
You didn't know any spells.
Your spell library was empty.

Dungeon Overview and Level Annotations

Branches:
Dungeon (4/15)
 Temple: D:4-7

Altars:
Dithmenos

Annotations:
D:4 Robin


Innate Abilities, Weirdness & Mutations

Your demonic aura sometimes causes spilled blood to erupt in flames.
Your touch may inflict minor irresistible damage on your foes.


Message History

You hit Robin. You closely miss the goblin.
You hit the kobold but do no damage. You hit the iguana.
You block Robin's attack. You block the goblin's attack.
The iguana is engulfed in blazing flames.
You kill the iguana!
The kobold hits you but does no damage.
The goblin shoots a sling bullet.
The sling bullet hits you but does no damage.
You barely miss Robin.
Robin is lightly wounded.
You closely miss the goblin. You barely miss the goblin. You hit the kobold.
You kill the kobold!
The goblin hits you with a +0 club.
Robin hits you with a +2 falchion of electrocution.
The goblin hits you but does no damage.
The goblin shoots a sling bullet.
The sling bullet hits you but does no damage.
You hit Robin.
Robin is moderately wounded.
You hit the goblin.
You kill the goblin!
You barely miss the goblin.
Robin hits you with a +2 falchion of electrocution.
You are electrocuted!
* * * LOW HITPOINT WARNING * * *
The goblin hits you but does no damage.
The goblin shoots a sling bullet.
The sling bullet hits you but does no damage.
You block Robin's attack. The goblin hits you but does no damage.
You hit Robin.
Robin is moderately wounded.
You barely miss the goblin.
The goblin shoots a sling bullet.
The sling bullet hits you but does no damage.
You block Robin's attack. The goblin hits you but does no damage.
The goblin shoots a sling bullet.
The sling bullet hits you but does no damage.
You hit Robin.
Robin is heavily wounded.
You hit the goblin.
You kill the goblin!
Robin hits you but does no damage.
You are electrocuted!
You die...
Robin calls out, "Let's celebrate!
Time for a feast!"

...............
..............#
..............#
...................#
..................#
...........g......
.........†°......
.......)@)....# #
......)g)...#..
...##.#....#.#......#
#......<.....g.######
#.####......#g.#
............
..........##..
#..........## ...
....###.##.#


You could see Robin and a goblin (strong).

Vanquished Creatures
  Sigmund (D:2)
  An ogre (D:3)
  Crazy Yiuf (D:2)
  Natasha (thrice) (D:3)
  Terence (D:3)
  An iguana (D:4)
  2 adders (D:3)
  A worm (D:3)
  2 dart slugs
  5 ball pythons
  10 bats
  8 endoplasms
  2 giant cockroaches
  16 goblins
  9 hobgoblins
  11 jackals
  3 quokkas
  6 frilled lizards
  3 kobolds
  6 rats
92 creatures vanquished.

Notes
Turn   | Place    | Note
-------+----------+-------------------------------------------
     0 | D:1      | gelatine the Demonspawn Fighter began the quest for the
                  | Orb.
     0 | D:1      | Reached XP level 1. HP: 18/18 MP: 1/1
   134 | D:1      | Gained mutation: Your touch may inflict minor irresistible
                  | damage on your foes. [demonic ancestry]
   134 | D:1      | Reached XP level 2. HP: 22/24 MP: 2/2
   398 | D:1      | Reached XP level 3. HP: 29/29 MP: 3/3
   434 | D:1      | Reached skill level 1 in Dodging
   569 | D:1      | You fall into a shaft and drop 1 floor!
   569 | D:2      | Found a shadowy altar of Dithmenos.
  1055 | D:2      | Identified the +1 chain mail of the Gloaming {Str+3}
  1216 | D:2      | Noticed Sigmund
  1241 | D:2      | Killed Sigmund
  1242 | D:2      | Gained mutation: Your demonic aura sometimes causes spilled
                  | blood to erupt in flames. [demonic ancestry]
  1242 | D:2      | Reached XP level 4. HP: 8/37 MP: 4/4
  1242 | D:2      | Reached XP level 5. HP: 9/42 MP: 5/5
  1427 | D:2      | Found a runed translucent door.
  1428 | D:2      | Noticed Crazy Yiuf
  1432 | D:2      | Killed Crazy Yiuf
  1534 | D:2      | Found a faded altar of an unknown god.
  1837 | D:3      | Noticed Terence
  1849 | D:3      | Killed Terence
  1850 | D:3      | Reached XP level 6. HP: 43/48 MP: 6/6
  1906 | D:3      | Noticed Natasha
  1918 | D:3      | Killed Natasha
  2120 | D:3      | Noticed Natasha
  2132 | D:3      | Killed Natasha
  2365 | D:3      | Noticed Natasha
  2370 | D:3      | Killed Natasha
  2616 | D:4      | Noticed Robin
  2682 | D:4      | Mangled by Robin

Illustrated notes

Levels and vault maps discovered:
D:1:      dpeg_arrival_rooms_b, layout_loops_ring, grunt_decor_clamped,
          minmay_octomino_j4
D:2:      layout_basic, ebering_ecumenical_altar_box, basic_altar, uniq_sigmund,
          uniq_crazy_yiuf_cottage
D:3:      layout_rooms, serial_rivers, chequers_serial_rivers_micro_b,
          chequers_serial_rivers_large_a, chequers_serial_rivers_large_b,
          chequers_serial_rivers_room_a, nicolae_the_louvre, uniq_natasha,
          uniq_terence
D:4:      layout_rooms, minmay_temple_entry_junction, uniq_robin

Skill      XL: |  1  2  3  4  5  6 |
---------------+-------------------+-----
Armour         | 3 4 |  4.2
Shields        | 3 |  3.8
Dodging        | 1 2 |  2.3
Axes           | 2 3 |  3.8
Fighting       | 4 |  4.0
Stealth        | |  0.3

Action                     |  1- 3 |  4- 6 || total
---------------------------+-------+-------++-------
  Melee: War axe           |    77 |       ||    77
         Hand axe          |    42 |   125 ||   167
    Use: Potion            |       |     1 ||     1
         Scroll            |       |     7 ||     7
 Armour: Scale mail        |    76 |       ||    76
         Chain mail        |    19 |   136 ||   155
  Dodge: Dodged            |    58 |    80 ||   138
  Block: Buckler           |    25 |    38 ||    63

Table legend: (Time is in decaauts)
 A = Elapsed time spent in this place.
 B = Non-inter-level travel time spent in this place.
 C = Inter-level travel time spent in this place.
 D = Time resting spent in this place.
 E = Time spent auto-exploring this place.
 F = Levels seen in this place.
 G = Mean time per level.
                   A        B        C        D        E       F      G
               +--------+--------+--------+--------+--------+-----+--------+
         Total |   2781 |   2547 |    234 |      0 |   1881 |   4 |  695.2 |
       Dungeon |   2781 |   2547 |    234 |      0 |   1881 |   4 |  695.2 |
               +--------+--------+--------+--------+--------+-----+--------+

Top non-repeatable levels by time:
     D:1: 985 daAuts
     D:3: 902 daAuts
     D:2: 880 daAuts
     D:4: 13 daAuts
